 Dungeon Crawl Stone Soup version 0.30.0-30-g96aa6591b8 (webtiles) character file.

Game seed: 11777153673490378019

98 Dordric the Trooper (level 5, -4/33 (40) HPs)
             Began as a Djinni Warper on June 29, 2023.
             Was a Priest of Jiyva.
             Slain by a black bear (6 damage)
             ... on level 4 of the Dungeon.
             The game lasted 00:05:26 (2494 turns).

Dordric the Trooper (Djinni Warper)                 Turns: 2494, Time: 00:05:26

HP:   -4/33 (40)    AC:  3    Str: 10    XL:     5   Next: 0%
Gold: 39            EV: 12    Int: 14    God:    Jiyva [***...] SH:  0 Dex: 15

rFire   + + .        r - +0 long sword
rCold   x . .        (no shield)
rNeg    . . .        b - +0 leather armour
rPois   ∞            (no helmet)
rElec   .            (no cloak)
rCorr   +            (no gloves)
SInv    .            (boots unavailable)
Will    .....        (no amulet)
Stlth   +            (no ring)
HPRegen 1.37/turn    (no ring)
MPRegen 0.00/turn

%: infuse magic (-5 HP)
@: flying, very slightly contaminated, heavily drained
A: sickness immunity, fire resistance 2, cold vulnerability 1, float, innate
caster, HP casting, extra vitality 1
a: Renounce Religion, Oozemancy


You were on level 4 of the Dungeon.
You worshipped Jiyva.
Jiyva was most pleased with you.
You visited 1 branch of the dungeon, and saw 4 of its levels.

You collected 39 gold pieces.

Inventory:

Hand Weapons
 a - a +0 falchion
 p - a +2 dagger of protection
 r - a +0 long sword (weapon)
Missiles
 q - 3 boomerangs (quivered)
Armour
 b - a +0 leather armour (worn)
Scrolls
 c - 2 scrolls of blinking
 d - a scroll of identify
 g - a scroll of torment
 k - a scroll of vulnerability
 l - 2 scrolls of poison
Potions
 f - 2 potions of degeneration {unknown}
 h - 2 potions of mutation {unknown}
 i - a potion of lignification {unknown}
 j - 2 potions of brilliance {unknown}
 m - a potion of curing {unknown}


   Skills:
 + Level 3.1 Fighting
 + Level 2.8 Long Blades
 - Level 0.7 Throwing
 - Level 1.0 Armour
 - Level 2.1 Dodging
 + Level 3.1 Spellcasting


You knew the following spells:

 Your Spells              Type           Power      Damage    Failure   Level
a - Blink                 Tloc           20%        N/A       12%         2
b - Lesser Beckoning      Tloc           20%        N/A       12%         2
c - Vhi's Electric Charg  Tloc/Air       20%        N/A       24%         3
d - Teleport Other        Tloc           10%        N/A       24%         3
e - Manifold Assault      Tloc           10%        N/A       63%         4
f - Kiss of Death         Conj/Necr      40%        2d8       9%          1
g - Static Discharge      Conj/Air       20%        2-3/arc   12%         2
Your spell library was empty.

Dungeon Overview and Level Annotations

Branches:
Dungeon (4/15)
 Temple: D:4-7

Altars:
Uskayaw
The Shining One
Jiyva

Shops:
D:4 ?

Annotations:
D:3 Grinder


Innate Abilities, Weirdness & Mutations

You are immune to sickness and miasma.
You are immune to poison.
Your flesh is very heat resistant. (rF++)
You are vulnerable to cold. (rC-)
You float through the air rather than walking.
You learn spells naturally, not from books.
Your magical power is your life essence.
You have superior vitality. (+4 MHP)


Message History

You hear a slurping noise.
Casting: Teleport Other (quite dangerous; 24% risk of failure)
Confirm with . or Enter, or press ? or * to list all spells.
Okay, then.
You are too injured to fight recklessly!
Casting: Teleport Other (quite dangerous; 24% risk of failure)
Confirm with . or Enter, or press ? or * to list all spells.
You blink.
The black bear rages.
The black bear attacks as you move away!
The black bear barely misses you.
The black bear claws you but does no damage.
The black bear misses you.
You feel stable enough to blink again.
You hear a slurping noise.
The black bear misses you. The black bear claws you. x2
Casting: Blink (safe; 12% risk of failure)
Confirm with . or Enter, or press ? or * to list all spells.
You miscast Blink.
Nothing appears to happen.
* * * LOW HITPOINT WARNING * * *
The black bear bites you.
* * * LOW HITPOINT WARNING * * *
The black bear misses you. The black bear claws you.
* * * LOW HITPOINT WARNING * * *
Casting: Blink (safe; 12% risk of failure)
Confirm with . or Enter, or press ? or * to list all spells.
You blink.
* * * LOW HITPOINT WARNING * * *
You hear a slurping noise.
The black bear completely misses you.
The black bear claws you but does no damage.
The black bear misses you. The black bear closely misses you.
The black bear claws you.
* * * LOW HITPOINT WARNING * * *
The black bear closely misses you.
You feel stable enough to blink again. The black bear bites you.
* * * LOW HITPOINT WARNING * * *
The black bear closely misses you. The black bear claws you.
You die...

...............##..#....##
...............#...#....#
...................'....#
...............#...#....#
...............#...#....#
...............##..#....###
+####+#.....#####+##.......
#..Jh.#...# #.......
+...@.+...# #.......
#.8....#+##+##.......
.##...............###.
.....<...8>.......#...
...................#...
#........∩..........'...
....................#...
.......8...>........##..
...................#..


You could see a black bear (berserk, drained) and a neutral endoplasm
(wandering) (fellow slime).

Vanquished Creatures
  An orc wizard (D:2)
  2 adders (D:2)
  2 dart slugs
  11 orcs
  4 ball pythons
  A bat (D:2)
  An endoplasm (D:1)
  2 giant cockroaches (D:3)
  3 goblins
  3 hobgoblins
  A quokka (D:1)
  2 frilled lizards
  2 kobolds
  4 rats
39 creatures vanquished.

Vanquished Creatures (others)
  Sigmund (D:2)
  A jelly (D:2)
  A ball python (D:2)
  2 goblins
  3 hobgoblins
  2 jackals (D:2)
  2 kobolds (D:2)
  2 bats (D:2)
  A rat (D:2)
15 creatures vanquished.

Grand Total: 54 creatures vanquished

Notes
Turn   | Place    | Note
-------+----------+-------------------------------------------
     0 | D:1      | Dordric the Djinni Warper began the quest for the Orb.
     0 | D:1      | Dordric set off with the following spells memorised: Blink,
                  | Lesser Beckoning, Vhi's Electric Charge, Teleport Other,
                  | Manifold Assault.
     0 | D:1      | Reached XP level 1. HP: 18/18 MP: 0/0
   294 | D:1      | Reached XP level 2. HP: 16/23 MP: 0/0
   620 | D:1      | Found a faded altar of an unknown god.
   704 | D:1      | Prayed at the altar of an unknown god.
   704 | D:1      | Became a worshipper of Jiyva Jyulil the Shapeless
   704 | D:1      | Reached * piety under Jiyva
   976 | D:2      | Reached XP level 3. HP: 29/29 MP: 0/0
   976 | D:2      | Learned a level 1 spell: Kiss of Death
  1047 | D:2      | Identified the +1 spear of Shrieking Terror {antimagic,
                  | +Blink rC- Will+}
  1337 | D:2      | Reached ** piety under Jiyva
  1399 | D:2      | Killed Sigmund
  1645 | D:3      | Reached XP level 4. HP: 34/34 MP: 0/0
  1871 | D:3      | Noticed Grinder
  2013 | D:3      | Found a hide-covered altar of Uskayaw.
  2233 | D:3      | Found a glowing golden altar of the Shining One.
  2265 | D:3      | Reached *** piety under Jiyva
  2443 | D:4      | Found Rutiaf's Magic Scroll Shop.
  2469 | D:4      | Reached XP level 5. HP: 40/40 MP: 0/0
  2469 | D:4      | Learned a level 2 spell: Static Discharge
  2469 | D:4      | Noticed a black bear
  2494 | D:4      | Slain by a black bear

Illustrated notes

Levels and vault maps discovered:
D:1:      scummos_arrival_forest, layout_loops_ring,
          ebering_ecumenical_altar_hall, serial_bayou, serial_bayou_crossing,
          serial_bayou_lagoon_b, serial_bayou_shore_b, serial_bayou_pond_e
D:2:      layout_loops_ring, uniq_sigmund
D:3:      layout_rooms, marbit_many_paths, nicolae_uskayaw_suspiria,
          uniq_grinder
D:4:      layout_gridville, serial_shops, nicolae_shop_tiny_statue_garden,
          nicolae_stop_n_shop_1, shop, chequers_ossuary_entry_cave,
          chequers_garden

Skill      XL: |  1  2  3  4 |
---------------+-------------+-----
Long Blades    | 2 |  2.8
Fighting       | 3 |  3.1
Spellcasting   | 3 |  3.1
Throwing       | |  0.7
Armour         | |  1.0
Dodging        | |  2.1

Action                     |  1- 3 |  4- 6 || total
---------------------------+-------+-------++-------
  Melee: Falchion          |    96 |       ||    96
         Punch             |     2 |     1 ||     3
         Dagger            |     8 |    14 ||    22
         Long sword        |       |    51 ||    51
  Throw: Boomerang         |     1 |     6 ||     7
   Cast: Blink             |     1 |     5 ||     6
         Vhi's Electric Ch |     1 |       ||     1
         Kiss of Death     |       |     1 ||     1
    Use: Scroll            |       |     6 ||     6
 Armour: Leather armour    |    27 |    13 ||    40
  Dodge: Dodged            |    60 |    69 ||   129
